 Dungeon Crawl Stone Soup version 0.29-a0-194-g6e3aafee17 (webtiles) character file.

Game seed: 12412012202805382181

17 Zeldest the Skirmisher (level 2, -2/24 HPs)
             Began as a Mummy Chaos Knight on Feb 22, 2022.
             Was a Plaything of Xom.
             Slain by an ogre
             ... wielding a +0 giant club
              (26 damage)
             ... on level 2 of the Dungeon.
             The game lasted 00:00:28 (461 turns).

Zeldest the Skirmisher (Mummy Chaos Knight)          Turns: 461, Time: 00:00:29

Health: -2/24      AC:  7    Str: 15    XL:     2   Next: 44%
Magic:  2/2        EV: 11    Int: 11    God:    Xom [..*...]
Gold:   80         SH:  0    Dex: 11    Spells: 1/1 levels left

rFire   x . .      SeeInvis .   a - +0 hand axe (chaos)
rCold   + . .      Faith    .   (no shield)
rNeg    + + +      Spirit   .   b - +2 leather armour
rPois   ∞          Reflect  .   e - +2 hat
rElec   .          Harm     .   (no cloak)
rCorr   .          Rampage  .   (no gloves)
Will    +....                   (no boots)
Stlth   +.........              (no amulet)
HPRegen 0.08/turn               h - ring of willpower
MPRegen 0.08/turn               (no ring)

@: no status effects
A: cold resistance 1, negative energy resistance 3, torment resistance 2, heat
vulnerability 1, no potions
a: Renounce Religion


You were on level 2 of the Dungeon.
You worshipped Xom.
You were a toy of Xom.
You visited 1 branch of the dungeon, and saw 2 of its levels.

You collected 80 gold pieces.

Inventory:

Hand Weapons
 a - a +0 hand axe of chaos (weapon)
Armour
 b - a +2 leather armour (worn)
 e - a +2 hat (worn)
Jewellery
 h - a ring of willpower (left hand)
Scrolls
 c - a scroll of teleportation {unknown}
 d - 2 scrolls of identify {unknown}
 f - a scroll of enchant armour {unknown}
 g - a scroll of blinking {unknown}


   Skills:
 + Level 3.3 Fighting
 + Level 2.7 Axes
 + Level 2.0 Armour
 - Level 0.7 Dodging


You had one spell level left.
You didn't know any spells.
Your spell library contained the following spells:

 Spells                   Type           Power      Damage    Failure   Level
 Magic Dart               Conj           0%         1d3       41%         1
 Call Imp                 Summ           0%         N/A       54%         2
 Mephitic Cloud           Conj/Pois/Air  0%         N/A       78%         3


Dungeon Overview and Level Annotations

Branches:
Dungeon (2/15)

Altars:


Innate Abilities, Weirdness & Mutations

You are immune to poison.
Your flesh is cold resistant. (rC+)
You are immune to negative energy. (rN+++)
You are immune to unholy pain and torment.
You are vulnerable to heat. (rF-)
You do not drink.


Message History

A rat is nearby!
You barely miss the rat. The rat closely misses you.
A rat is nearby!
You closely miss the rat. The rat bites you but does no damage.
You barely miss the rat. The rat closely misses you. x2
A rat is nearby!
You hit the rat but do no damage. The rat bites you but does no damage.
A rat is nearby!
You hit the rat.
The rat is heavily wounded.
The rat bites you but does no damage.
A rat is nearby!
You hit the rat. You freeze the rat.
You kill the rat!
You see here a rat corpse.
You open the door.
A kobold comes into view. It is wielding a +0 club.
The kobold shouts!
There is an open door here.
A kobold is nearby!
An ogre comes into view. It is wielding a +0 giant club.
There are monsters nearby!
The ogre shouts!
The kobold misses you.
There are monsters nearby!
You closely miss the kobold. The kobold hits you but does no damage.
A goblin comes into view. It is wielding a +0 dagger.
There are monsters nearby!
The goblin shouts!
You hit the kobold. Lightning courses through the kobold!
You kill the kobold!
The ogre closely misses you.
Your Armour skill increases to level 2!
You barely miss the ogre.
There are monsters nearby!
You hit the ogre but do no damage.
The ogre goes berserk!
The ogre hits you with a +0 giant club!!
Ouch! That really hurt!
You die...
Xom is highly amused!

##+# . ##...## #. #
##.....## .. ##
##.......## .##
.####.........####...#.#
....+.........'.@O.g....
...##.........####...#.#
##.# #.....†.## .....
##.# ##.....## ##.# ...#
##...## # ##.# ##'## #.#
#.# ##.######.#
.......##.##


You could see an ogre (berserk) and a goblin.

Vanquished Creatures
  2 endoplasms (D:1)
  A giant cockroach (D:1)
  A quokka (D:1)
  A bat (D:1)
  2 frilled lizards (D:1)
  4 goblins (D:1)
  3 kobolds
  3 rats
17 creatures vanquished.

Notes
Turn   | Place    | Note
-------+----------+-------------------------------------------
     0 | D:1      | Zeldest the Mummy Chaos Knight began the quest for the Orb.
     0 | D:1      | Reached XP level 1. HP: 18/18 MP: 1/1
    85 | D:1      | XOM: potion effect (might)
    97 | D:1      | XOM: potion effect (haste)
   104 | D:1      | Reached XP level 2. HP: 23/24 MP: 2/2
   456 | D:2      | Noticed an ogre
   461 | D:2      | Slain by an ogre

Illustrated notes

Levels and vault maps discovered:
D:1:      amcnicky_arrival_feature_with_door, layout_rooms
D:2:      layout_loops_corners

Skill      XL: |  1  2 |
---------------+-------+-----
Armour         | 2 |  2.0
Fighting       | |  3.3
Axes           | |  2.7
Dodging        | |  0.7

Action                   || total
-------------------------++-------
Melee: Hand axe          ||    40
Armor: Leather armour    ||    12
Dodge: Dodged            ||    24

Table legend: (Time is in decaauts)
 A = Elapsed time spent in this place.
 B = Non-inter-level travel time spent in this place.
 C = Inter-level travel time spent in this place.
 D = Time resting spent in this place.
 E = Time spent auto-exploring this place.
 F = Levels seen in this place.
 G = Mean time per level.
                   A        B        C        D        E       F      G
               +--------+--------+--------+--------+--------+-----+--------+
         Total |    447 |    423 |     24 |      0 |    305 |   2 |  223.5 |
       Dungeon |    447 |    423 |     24 |      0 |    305 |   2 |  223.5 |
               +--------+--------+--------+--------+--------+-----+--------+

Top non-repeatable levels by time:
     D:1: 387 daAuts
     D:2: 60 daAuts
